[Event "1st FIDE Olympiad DIS 2023"]
[Site "Belgrade"]
[Date "2023.02.04"]
[Round "6.7"]
[White "Paal-Szucs, Attila"]
[Black "Campos, Eugenio"]
[Result "1/2-1/2"]
[ECO "B53"]
[WhiteElo "2141"]
[BlackElo "2227"]
[Annotator "TA"]
[PlyCount "96"]
[EventDate "2023.01.30"]
[EventType "team-tourn"]
[EventCountry "SRB"]
[SourceTitle "playchess.com"]
[Source "ChessBase"]
[SourceQuality "1"]
[WhiteTeam "Hungary"]
[BlackTeam "Angola"]
[WhiteTeamCountry "HUN"]
[BlackTeamCountry "ANG"]
[TimeControl "40/5400+30:1800+30"]

1. e4 c5 2. Nf3 d6 3. d4 Nf6 4. Nc3 cxd4 5. Qxd4 Nc6 6. Qd3 {[%emt 0:02:37] B53: Sicilian: 2...d6: Lines with Qxd4.} g6 7. Nd5 Bg7 8. c3 O-O 9. Bg5 Nxd5 10. exd5 {[%emt 0:00:42] [#]} Nb8 $146 ({Predecessor:} 10... Ne5 11. Nxe5 Bxe5 12. Qd2 Bd7 13. a4 Rc8 14. Be2 Re8 15. Be3 e6 16. dxe6 Rxe6 {1-0 Xiong,J (2690)-Dominguez Perez,L (2754) Saint Louis Blitz 2022 (6)}) 11. Qd2 Re8 12. Be2 Nd7 13. O-O Nf6 14. Bb5 (14. Rfe1 {is interesting.} Ne4 15. Qf4 Nxg5 16. Nxg5 Bf6 17. Qh4) 14... Bd7 15. Bxd7 Qxd7 16. Rfe1 Rac8 17. Rad1 Rc5 18. Bxf6 Bxf6 19. Ng5 Rc4 20. Ne4 Bg7 21. Qf4 (21. Qd3 $11 {remains equal.} Rec8 22. a3) 21... Ra4 $17 {[%emt 0:05:26] Threatens to win with ...f5.} 22. b3 Rxa2 23. Ng5 (23. c4 $142) 23... Qf5 (23... Bxc3 $2 {is a self mate.} 24. Qxf7+ Kh8 25. Qxh7#) 24. Qxf5 gxf5 25. c4 Bc3 26. Re3 Bd4 {[%emt 0:00:36][%mdl 64] Deflection, Back Rank} 27. Rf3 h6 $40 {[%emt 0:00:17][%mdl 128] White is in trouble.} 28. Nh3 e6 29. g3 (29. Kf1 $142 Bc5 30. Nf4) 29... Ra1 30. Rfd3 (30. Rxa1 $17 {was worth a try.} Bxa1 31. Kg2) 30... Rxd1+ $19 31. Rxd1 {[%emt 0:01:51][%mdl 4096] Endgame KRB-KRN} e5 32. Kg2 {[%emt 0:00:40] [#]} (32. Nf4 $142) 32... b5 $1 33. Ng1 (33. cxb5 Rc8) 33... bxc4 34. bxc4 Rc8 35. Rc1 a5 36. Nf3 {[%emt 0:00:10] [#]} Bb2 (36... Bc5 $1 $19 {is more deadly.} 37. Nh4 Ra8 38. Nxf5 a4) 37. Rc2 $17 {[%emt 0:07:40] [#]} Rb8 (37... Ba3 $1 $17 {...Kg7 is the strong threat.} 38. Nh4 Bb4) 38. c5 $11 {[%emt 0:02:11] The position is equal.} dxc5 39. Rxc5 a4 40. d6 {[%emt 0:00:29][%cal Od6d7] And now d7! would win.} Rd8 {[%emt 0:02:20] Inhibits d7.} 41. Nxe5 a3 (41... Rxd6 {simplifies} 42. Nc4 Ra6 43. Nxb2 a3) 42. d7 $1 {[%emt 0:01:43] Strongly threatening Rc8.} Bxe5 {[%emt 0:02:01][%mdl 64] Remove Defender} 43. Rxe5 {[%emt 0:00:09] White threatens Re8+ and mate.} Rxd7 {[%emt 0:00:04] KR-KR} 44. Ra5 {[%emt 0:00:09] Prevents Ra7.} Rd3 45. Rxf5 a2 46. Ra5 Rd2 47. Kf3 Kf8 48. Ke3 Rb2 {[%emt 0:04:53] And White is the lucky defender.   Weighted Error Value: White=0.16 (very precise) /Black=0.12 (very precise)} 1/2-1/2

[Event "1st FIDE Olympiad DIS 2023"]
[Site "Belgrade"]
[Date "2023.02.04"]
[Round "6.7"]
[White "Bulatovic, Luka"]
[Black "Dorner, Matthias"]
[Result "0-1"]
[ECO "B15"]
[WhiteElo "1707"]
[BlackElo "2180"]
[Annotator "TA"]
[PlyCount "118"]
[EventDate "2023.01.30"]
[EventType "team-tourn"]
[EventCountry "SRB"]
[SourceTitle "playchess.com"]
[Source "ChessBase"]
[SourceQuality "1"]
[WhiteTeam "Serbia"]
[BlackTeam "Germany"]
[WhiteTeamCountry "SRB"]
[BlackTeamCountry "GER"]
[TimeControl "40/5400+30:1800+30"]

1. e4 c6 2. d4 d5 3. Nc3 dxe4 4. Nxe4 Nf6 5. Nxf6+ exf6 6. Nf3 Bd6 7. Bd3 {[%emt 0:01:04] 7.Bd3 is better than 7.Be2.} O-O 8. O-O Bg4 9. Re1 {[%emt 0:01:57] B15: Caro-Kann: 3 Nc3: 3...g6 and 3...dxe4 4 Nxe4 Nf6 5 Nxf6+ exf6.} Nd7 10. c3 Re8 11. Rxe8+ {[%emt 0:02:04] The position is equal.} Qxe8 12. Be3 {[%emt 0:01:23] [#]} Qe7 $146 ({Predecessor:} 12... Nf8 13. Be2 Qd7 14. Nd2 Bf5 15. c4 Bc7 16. Bf3 Ng6 17. g3 Ne7 18. Nb3 b6 {1-0 Kazarjan,G (1661)-Kumar,P (2042) NED-ch U14 Almelo 2022 (1)}) 13. h3 Bh5 14. g4 Bg6 15. Bxg6 hxg6 16. Qd2 Qe4 17. Ne1 Re8 18. Qd3 Qe6 19. Ng2 f5 20. g5 Qd5 21. Bf4 {[%emt 0:05:31] Prevents Ne5. White is weak on the light squares} Nc5 22. Qc2 (22. Qg3 $15 Ne4 23. Qh4) 22... Ne4 $2 (22... Bxf4 $1 $19 23. Nxf4 Qf3) 23. Re1 Bxf4 ({But not} 23... Qxa2 $6 24. Rxe4 fxe4 25. Bxd6 $11) 24. Nxf4 Qxa2 {[%emt 0:01:42] Black is more active.} 25. f3 (25. h4 $142) 25... Nd6 $17 26. Rxe8+ Nxe8 {[%emt 0:00:06][%mdl 4096] Endgame KQN-KQN} 27. Qe2 Kf8 (27... Nc7 $142 {Strongly threatening ...Qa1+.} 28. Kg2 Nd5) 28. h4 Qa5 29. h5 (29. Nd3 $17 {was called for.}) 29... Qd8 $19 30. Qg2 Qe7 {[%emt 0:02:09] Threatens to win with ...Qe3+.} 31. Kh2 (31. Kf2 {might work better.}) 31... gxh5 32. Nxh5 g6 33. Nf4 Qd6 34. Qg3 Ng7 35. Kg2 Ke7 {[%emt 0:01:01] ...Ne6 is the strong threat.} 36. Nd3 Qxg3+ 37. Kxg3 {[%emt 0:00:09] KN-KN} Ne6 38. f4 f6 {[%emt 0:00:14] Inhibits Ne5.} 39. Kh4 (39. gxf6+ $17 {was forced.} Kxf6 40. Ne5) 39... Kf7 40. gxf6 Kxf6 {[%emt 0:00:06][%cal Oe6f4] Hoping for ...Nxf4!} 41. Kg3 g5 42. fxg5+ Kxg5 {[%emt 0:00:35] ...f4+ would be deadly.} 43. Ne5 {[%emt 0:00:24] [#]} (43. Kf3 $17 {was worth a try.}) 43... f4+ $1 44. Kf3 Kf5 {[%emt 0:00:08] aiming for ...c5.} 45. Nf7 $2 {[%emt 0:03:49] [#]} (45. Nc4 Ng5+ 46. Kf2) 45... Ng5+ $1 46. Nxg5 Kxg5 {KP-KP} 47. c4 Kf5 48. d5 cxd5 49. cxd5 {[%emt 0:00:06] K3P-KPP} Ke5 50. d6 Kxd6 51. Kxf4 {[%emt 0:00:16] KPP-KP. Black mates.} Kc5 52. Ke3 Kc4 53. Kd2 Kb3 54. Kc1 a5 55. Kb1 b5 56. Ka1 b4 57. Kb1 a4 58. Ka1 Kc2 59. Ka2 a3 {[%emt 0:00:05] Weighted Error Value: White=0.34/Black=0.11 (very precise)} 0-1

[Event "1st FIDE Olympiad DIS 2023"]
[Site "Belgrade"]
[Date "2023.02.04"]
[Round "6.8"]
[White "Andriienko, Artom"]
[Black "Acs, Gabor"]
[Result "1/2-1/2"]
[ECO "A14"]
[WhiteElo "1693"]
[BlackElo "2101"]
[Annotator "TA"]
[PlyCount "125"]
[EventDate "2023.01.30"]
[EventType "team-tourn"]
[EventCountry "SRB"]
[SourceTitle "playchess.com"]
[Source "ChessBase"]
[SourceQuality "1"]
[WhiteTeam "Ukraine"]
[BlackTeam "Hungary"]
[WhiteTeamCountry "UKR"]
[BlackTeamCountry "HUN"]
[TimeControl "40/5400+30:1800+30"]

1. Nf3 Nf6 2. c4 e6 3. g3 d5 4. Bg2 c6 5. b3 Be7 6. O-O O-O 7. Bb2 Nbd7 8. d3 b6 9. Qc2 Bb7 10. e4 dxe4 {[%emt 0:03:00] A14: English Opening: 1...e6 with b3 by White.} 11. dxe4 Qc7 12. e5 Ng4 {[%emt 0:04:41] White has an edge.} 13. Qe2 Rad8 14. h3 Nh6 15. Nc3 {[%emt 0:01:21] [#]} Nc5 $146 ({Predecessor:} 15... Kh8 16. Rad1 a6 17. Ne4 Nc5 18. Nd6 Ba8 19. g4 Nb7 20. Ne4 c5 21. Qe3 Na5 {1-0 Mueer,S (2257)-Junker,S (1861) Eschborn op 08th 2011 (1)}) 16. Rad1 Nf5 17. g4 $36 {[%emt 0:00:20][%mdl 2048] b4 would be deadly. White has the initiative.} Nh4 18. Nxh4 Bxh4 19. b4 Na6 (19... Nd7 $11) 20. a3 Rxd1 21. Rxd1 Rd8 22. Ne4 {[%emt 0:00:18] And now g5 would win.} Be7 23. f4 Nb8 24. Kh2 {[%emt 0:10:05] White is much more active.} (24. Rxd8+ $16 Qxd8 25. f5) 24... a5 $2 {[%emt 0:12:27] [#]} (24... Rxd1 $14 25. Qxd1 c5) 25. Nd6 $1 $18 axb4 (25... Nd7 26. Be4) 26. axb4 Bc8 27. b5 Bd7 28. Bd4 cxb5 29. cxb5 {[%emt 0:00:22] Threatens to win with Qe3.} (29. Nxb5 Bxb5 30. cxb5 Nd7 $14) 29... Be8 {[%emt 0:11:25] Black is weak on the light squares} 30. Qe3 (30. Nxe8 $6 Rxe8 31. Qe4 Rd8 $16) 30... Nd7 (30... Bxd6 $2 31. Bxb6 (31. exd6 Qxd6 32. Rd2 Qe7 $11) 31... Qc2 32. Rc1 $18 (32. Rxd6 Rxd6 33. exd6 Bxb5 $16) (32. exd6 Qxd1 33. Bxd8 Qxd6 $11) (32. Rxd6 Rxd6 33. exd6 Bxb5 $14) (32. exd6 Qxd1 33. Bxd8 Qxd6 $11)) 31. Rc1 Qb8 {[%emt 0:00:14] [#]} 32. Qa3 ({White should play} 32. Rc6 $1 $18) 32... Nf8 (32... Nxe5 $5 33. fxe5 Rxd6 34. exd6 Bxd6+ 35. Be5 Bxe5+ 36. Kh1 Qd8 $11) 33. Bc6 ({Better is} 33. Be3 $14) 33... Rxd6 $15 34. exd6 Bxd6 35. Be5 Bxa3 36. Bxb8 Bxc1 37. Bxe8 $11 {[%emt 0:00:03][%mdl 4096] Endgame KBB-KBN} Ng6 38. Kg3 Kf8 39. Bc6 Ke7 40. Bc7 Be3 41. Kf3 Bc5 42. Ke4 Nf8 43. Be5 f6 44. Bc3 Nd7 45. f5 exf5+ 46. gxf5 Nf8 47. Bd2 g5 48. Bc3 h5 49. Kf3 Nh7 50. Bb2 g4+ 51. hxg4 Ng5+ 52. Kg3 Bd6+ 53. Kh4 hxg4 54. Kxg4 Nf7 55. Kf3 Be5 {[%emt 0:00:00] The position is equal.} 56. Bc1 Bd4 57. Ke4 Bc5 58. Bf4 Bd6 59. Be3 Bc7 60. Kd5 Nd6 61. Bf4 Nxb5 {[%emt 0:00:00][%mdl 64] Discovered Attack} 62. Bxb5 (62. Bd2 $5 Na7 $8 63. Bb7 $11) 62... Bxf4 63. Ke4 {[%emt 0:00:14] White really could win this.   Weighted Error Value: White=0.12 (very precise) /Black=0.15 (very precise)} 1/2-1/2

[Event "1st FIDE Olympiad DIS 2023"]
[Site "Belgrade"]
[Date "2023.02.04"]
[Round "6.8"]
[White "Mekus, Manuela"]
[Black "Petrovic, Vladan"]
[Result "1/2-1/2"]
[ECO "A07"]
[WhiteElo "1624"]
[BlackElo "1818"]
[Annotator "NA RC COMBH"]
[PlyCount "76"]
[EventDate "2023.01.30"]
[EventType "team-tourn"]
[EventCountry "SRB"]
[SourceTitle "playchess.com"]
[Source "ChessBase"]
[SourceQuality "1"]
[WhiteTeam "Germany"]
[BlackTeam "Serbia"]
[WhiteTeamCountry "GER"]
[BlackTeamCountry "SRB"]
[TimeControl "40/5400+30:1800+30"]

1. Nf3 d5 2. g3 Nf6 3. Bg2 c6 4. d3 Bf5 5. O-O e6 6. Re1 Be7 7. c3 h6 8. Nbd2 O-O 9. h3 Bh7 10. Ne5 Nbd7 11. Nxd7 Qxd7 12. e4 dxe4 13. dxe4 e5 14. Nc4 Qe6 15. b3 Rad8 16. Qe2 b5 17. Nb2 Bc5 18. Rd1 Rxd1+ 19. Nxd1 Rd8 20. Nb2 Qd7 21. b4 Bb6 22. Kh2 Kf8 23. a4 a5 24. axb5 axb4 25. bxc6 Qxc6 26. cxb4 Bxe4 27. f3 Bd5 28. b5 Qc5 29. Bd2 Qd4 30. Ba5 Rb8 31. Rd1 Qe3 32. Qxe3 Bxe3 33. Bc7 Rxb5 34. Bxe5 Ke7 35. f4 Bxg2 36. Kxg2 g5 37. Nc4 gxf4 38. gxf4 Rb3 1/2-1/2

[Event "1st FIDE Olympiad DIS 2023"]
[Site "Belgrade"]
[Date "2023.02.04"]
[Round "6.9"]
[White "Sarkar, Justin"]
[Black "Bozinovic, Bogdan"]
[Result "1-0"]
[ECO "B29"]
[WhiteElo "2345"]
[BlackElo "2131"]
[Annotator "TA"]
[PlyCount "37"]
[EventDate "2023.01.30"]
[EventType "team-tourn"]
[EventCountry "SRB"]
[SourceTitle "playchess.com"]
[Source "ChessBase"]
[SourceQuality "1"]
[WhiteTeam "United States"]
[BlackTeam "Croatia"]
[WhiteTeamCountry "USA"]
[BlackTeamCountry "CRO"]
[TimeControl "40/5400+30:1800+30"]

1. e4 c5 2. Nf3 Nf6 3. e5 Nd5 4. Nc3 e6 5. Ne4 f5 6. Nc3 Nb4 {[%emt 0:01:31] 6...Ne7 gains popularity. B29: Sicilian: 2 Nf3 Nf6 (Nimzowitsch Variation).} 7. a3 N4c6 {[%emt 0:00:08] [#]} 8. b4 $1 d5 {[%emt 0:01:45] The position is equal.} (8... b6 9. b5) 9. exd6 Bxd6 10. Bc4 $1 Nd4 11. Nb5 Nbc6 {[%emt 0:03:56] [#]} 12. Nbxd4 $146 ({Predecessor:} 12. Nxd6+ Qxd6 13. O-O O-O 14. Bb2 b5 15. Ba2 cxb4 16. axb4 Bb7 17. Re1 Nxf3+ 18. Qxf3 {0-1 Ding,L (2808)-Le,T (2542) Chess.com Rapid CGC KO 2022 (1.1)}) 12... cxd4 13. Bb2 O-O 14. Qe2 Kh8 15. b5 (15. Bxe6 $2 Bxe6 16. O-O Bd5 $19) 15... Na5 16. Bxd4 (16. Bxe6 $2 Bxe6 17. O-O (17. Qxe6 $2 Re8 $19) 17... Bd5 $19) 16... Qc7 {[%emt 0:11:28] [#]} (16... Nxc4 $11 17. Qxc4 b6) 17. Bd3 {[%emt 0:02:40] White is more active.} (17. Bxe6 $2 {perishes.} Bxe6 18. O-O (18. Qxe6 $2 {loses.} Rae8 $19) 18... Bd5 $19) (17. Ba2 $1 $16) 17... e5 $2 18. Nxe5 $18 ({But not} 18. Bxe5 b6 19. Bxd6 Qxd6) 18... f4 $2 (18... b6 19. O-O Bb7) 19. Qh5 {[%emt 0:01:22] Weighted Error Value: White=0.09 (flawless) /Black=0.35} 1-0

[Event "1st FIDE Olympiad DIS 2023"]
[Site "Belgrade"]
[Date "2023.02.04"]
[Round "6.10"]
[White "Glazar, Domagoj"]
[Black "Obodchuk, Andrei"]
[Result "1/2-1/2"]
[ECO "E71"]
[WhiteElo "2119"]
[BlackElo "2317"]
[Annotator "TA"]
[PlyCount "212"]
[EventDate "2023.01.30"]
[EventType "team-tourn"]
[EventCountry "SRB"]
[SourceTitle "playchess.com"]
[Source "ChessBase"]
[SourceQuality "1"]
[WhiteTeam "Croatia"]
[BlackTeam "FID"]
[WhiteTeamCountry "CRO"]
[TimeControl "40/5400+30:1800+30"]

1. d4 Nf6 2. c4 g6 3. Nc3 Bg7 4. e4 d6 5. h3 O-O 6. Be3 c5 7. d5 {[%emt 0:02:34] E71: King's Indian: 4 e4 d6 5 h3.} e6 8. dxe6 Bxe6 9. Nf3 Nc6 10. Be2 {[%emt 0:00:27] [#]} Qa5 $146 ({Predecessor:} 10... Qb6 11. O-O Nd7 12. Na4 Qa5 13. Rc1 Nde5 14. Nd2 Nd4 15. Nc3 Nec6 16. Bd3 Rae8 {½-½ Balla,T (2336)-Ajay,K (2356) Budapest Vezerkepzo IM 7th 2021 (5)}) 11. O-O (11. Qxd6 $2 {loses.} Nxe4 12. Qd1 Nxc3 $19) 11... Rfd8 12. Qd2 (12. a3 $14) 12... Rac8 (12... Nd4 $11) 13. Rfd1 Nd7 14. Nd5 {[%emt 0:11:07][%cal Od5e7] Threatens to win with Ne7+!} Qxd2 15. Rxd2 Bxd5 16. exd5 Nce5 17. Nxe5 Bxe5 18. Rb1 Re8 19. g4 Re7 20. g5 Rce8 21. Bg4 f5 22. gxf6 Bxf6 23. Be6+ Kg7 24. Bf4 (24. f4 $11) 24... Ne5 $15 25. Bxe5 Bxe5 26. Kg2 Rf8 27. Rd3 Rf4 28. b3 a6 29. a4 {[%emt 0:00:48] [#]} b5 $1 30. cxb5 (30. axb5 axb5) 30... axb5 31. axb5 Rb4 32. Re1 Bd4 33. Re2 Ra7 34. Re4 Rxb5 35. Bg4 Rab7 36. Bd1 Ra5 37. f4 Rf7 38. Kg3 Ra2 39. Re2 Rfa7 40. b4 Ra1 (40... R2a3 $17 41. Rxa3 Rxa3+ 42. Kg2 Ra1) 41. bxc5 $11 Bxc5 42. Rc2 Rb7 43. Bf3 Rb4 44. Bg2 Raa4 45. Rf3 Rd4 46. Rf1 Rd3+ 47. Kh2 Kf6 {[%emt 0:00:55] Prevents f5.} 48. Re2 {[%emt 0:01:53] [#]} (48. Rf3 $142 Rxd5 49. Kg3) 48... Be3 $1 $17 49. Kh1 Bxf4 50. h4 (50. Rf3 $17 Ra1+ 51. Rf1 Rxf1+ 52. Bxf1 Rxd5 53. Kg2) 50... Kf5 51. Bf3 Rad4 (51... Be3 $19 52. Rh2 Rf4) 52. Re7 $1 $11 Rxf3 {[%emt 0:06:17] The position is equal.} 53. Rxf3 {[%emt 0:00:17][%mdl 4096] Endgame KRR-KRB} Kg4 54. Kg2 Kxh4 {[%emt 0:01:30] Hoping for ...h5.} 55. Rxh7+ Kg4 56. Rhh3 Rxd5 57. Rd3 Re5 58. Rhf3 (58. Rxd6 Re2+ 59. Kf1 Bxd6 $19) 58... Re6 59. Kf2 g5 60. Rh3 Be5 61. Rh1 Bf4 62. Rg1+ Kf5 63. Kf3 Rh6 64. Rgd1 Be5 65. Kg2 g4 66. Rh1 Rg6 67. Re3 Rg8 68. Rh5+ Kf4 69. Re2 Ra8 70. Rf2+ Ke3 71. Rh1 Ke4 72. Rh4 Rg8 73. Rh1 Rg5 74. Re1+ Kd5 75. Rd1+ Ke6 76. Rh1 Rg6 77. Rh5 Kd5 78. Rd2+ Ke4 79. Re2+ Kf4 80. Re1 g3 81. Rf1+ Ke4 82. Re1+ Kd5 83. Rd1+ Ke6 84. Rf1 Rg7 85. Rh6+ Kd7 86. Rf5 Re7 87. Rf1 Rg7 88. Rb1 Rg4 89. Re1 Rd4 90. Rxe5 dxe5 91. Kxg3 {[%emt 0:00:16] KR-KR} Rf4 92. Ra6 Rf8 93. Rb6 Rf1 94. Kg2 Rf5 95. Kg3 Ke7 96. Ra6 Rf1 97. Rb6 Rf6 98. Rxf6 Kxf6 {[%emt 0:00:04] KP-K} 99. Kf3 Kf5 100. Ke3 e4 101. Ke2 Kf4 102. Kf2 e3+ 103. Ke2 Ke4 104. Ke1 Kf3 (104... Kd3 $5 105. Kd1 $8 Ke4 $11) 105. Kf1 e2+ 106. Ke1 Ke3 {[%emt 0:00:01] Weighted Error Value: White=0.14 (very precise) /Black=0.16 (very precise)} 1/2-1/2

[Event "1st FIDE Olympiad DIS 2023"]
[Site "Belgrade"]
[Date "2023.02.04"]
[Round "6.11"]
[White "Kozhabekov, Adilkhan"]
[Black "Abiad Parra, Victor"]
[Result "0-1"]
[ECO "D03"]
[WhiteElo "1939"]
[BlackElo "1855"]
[Annotator "TA"]
[PlyCount "112"]
[EventDate "2023.01.30"]
[EventType "team-tourn"]
[EventCountry "SRB"]
[SourceTitle "playchess.com"]
[Source "ChessBase"]
[SourceQuality "1"]
[WhiteTeam "Kazakhstan"]
[BlackTeam "Venezuela"]
[WhiteTeamCountry "KAZ"]
[BlackTeamCountry "VEN"]
[TimeControl "40/5400+30:1800+30"]

1. d4 Nf6 2. Nf3 e6 3. Bg5 h6 4. Bh4 Be7 5. Nbd2 d5 6. e3 c5 {[%emt 0:00:35] D03: 1 d4 d5 2 Nf3 Nf6 3 Bg5, including Torre Attack with early ...d5.} 7. c3 Qb6 8. Rb1 Bd7 {[%emt 0:05:41] The position is equal.} 9. Ne5 {[%emt 0:04:43] [#]} Bb5 $146 ({Predecessor:} 9... cxd4 10. Nxd7 Nfxd7 11. Bxe7 dxe3 12. Ba3 exd2+ 13. Qxd2 Nc6 14. Be2 Nf6 15. O-O Ne4 {½-½ Gerstner,W (2370)-Biebinger,G (2330) Badenweiler op 1995 (4)}) 10. Bxb5+ (10. dxc5 {is interesting.} Qxc5 11. b4 Qb6 12. c4) 10... Qxb5 11. a4 Qa6 12. b4 cxb4 13. cxb4 O-O 14. b5 Qa5 15. O-O Qd8 16. Qb3 Nbd7 17. Rbc1 Rc8 18. Rxc8 Qxc8 19. Nxd7 Qxd7 20. Bxf6 Bxf6 21. Rc1 Rc8 {[%emt 0:02:37] Prevents Qc2} 22. Qa3 Rc7 23. Rxc7 Qxc7 $11 {[%emt 0:00:02][%mdl 4096] Endgame KQB-KQN} 24. Qc5 Qa5 25. Qc2 g6 26. g3 Kg7 27. Kg2 Qb4 28. Kf1 h5 29. h4 Be7 30. Ke2 Bf6 31. Qb3 Be7 32. Qc2 Bd8 33. Nf3 Ba5 34. Ne5 Qe1+ 35. Kf3 Qh1+ 36. Ke2 $1 (36. Kf4 $2 Qg2 37. Nf3 e5+ 38. dxe5 (38. Kxe5 Qxf3 39. Qc8 Bb4) (38. Nxe5 $2 Be1 $19) 38... Qh3 $19) 36... Qe1+ 37. Kf3 Qf1 38. Qd3 Qh1+ 39. Ke2 $1 (39. Kf4 $2 Qg2 40. Qc2 Be1 $19) 39... Qe1+ 40. Kf3 Qg1 {[%emt 0:01:29] [#] ...Be1 would be deadly.} 41. Qc2 Qh1+ 42. Ke2 $1 (42. Kf4 $2 Qg2 43. Nf3 e5+ 44. dxe5 (44. Kxe5 Qxf3 45. Qc8 Bb4) (44. Nxe5 $2 Be1 $19) 44... Qh3 $19) 42... Qe1+ 43. Kf3 Bc3 44. Nd3 Qh1+ 45. Ke2 Ba5 46. Ne5 Qe1+ 47. Kf3 Qf1 48. Qc8 $2 (48. Qd3 $11 Qh1+ 49. Ke2 (49. Kf4 $2 Qg2 $19)) 48... Be1 $19 (48... Qh1+ 49. Ke2 $11) 49. Qc2 Qh1+ 50. Ke2 {[%emt 0:00:00] [#] Qc7 would kill now.} Bxf2 $1 {[%emt 0:00:00][%mdl 576] Strongly threatening ...Qe1+. Decoy} 51. Qc7 (51. Qd1 Qxd1+) 51... Qe1+ (51... Bxg3 $2 52. Qxf7+ Kh8 53. Nxg6#) 52. Kf3 Qxe3+ (52... Bxg3 $2 {leads to mate.} 53. Qxf7+ Kh8 54. Nxg6#) 53. Kg2 Qxg3+ (53... Qxd4 $2 {is a self mate.} 54. Qxf7+ Kh8 55. Nxg6#) 54. Kf1 Qf4 {[%emt 0:00:00] ( -> ...Be3+)} (54... Qxh4 $2 {gets mated.} 55. Qxf7+ Kh8 56. Nxg6#) 55. Qxb7 Bxd4+ 56. Kg2 Qf2+ {[%emt 0:00:00] Artfully played by Abiad Parra.   Weighted Error Value: White=0.37/Black=0.04 (flawless)} 0-1

[Event "1st FIDE Olympiad DIS 2023"]
[Site "Belgrade"]
[Date "2023.02.04"]
[Round "6.11"]
[White "Morales Santos, Natasha"]
[Black "Nestorovic, Vladimir"]
[Result "1/2-1/2"]
[ECO "D10"]
[WhiteElo "1893"]
[BlackElo "2171"]
[Annotator "TA"]
[PlyCount "54"]
[EventDate "2023.01.30"]
[EventType "team-tourn"]
[EventCountry "SRB"]
[SourceTitle "playchess.com"]
[Source "ChessBase"]
[SourceQuality "1"]
[WhiteTeam "Puerto Rico"]
[BlackTeam "Croatia"]
[WhiteTeamCountry "PUR"]
[BlackTeamCountry "CRO"]
[TimeControl "40/5400+30:1800+30"]

1. d4 d5 2. c4 c6 3. cxd5 cxd5 4. Bf4 Nc6 5. e3 Bf5 6. Nc3 {[%emt 0:00:26] D10: Slav Defence: 3 cxd5 (without early Nf3) and 3 Nc3.} (6. Qb3 $5 ) 6... e6 7. Be2 {[%emt 0:00:12] [#]} Bd6 $146 ({Predecessor:} 7... Nf6 8. g4 Bg6 9. h4 h5 10. g5 Ne4 11. Qb3 Qd7 12. Nf3 f6 13. Rg1 Bf5 14. Nxe4 Bxe4 {0-1 Hughes,P (1794)-Wager,J (2014) GBR-ch 65+ 106th 2019 (1)}) 8. Bxd6 Qxd6 9. g4 Bg6 10. h4 f6 11. Nh3 (11. h5 $5 Bf7 $8 12. Qb3 $14) 11... Bf7 12. Bf3 Nge7 13. g5 e5 14. gxf6 gxf6 15. dxe5 fxe5 ({Better is} 15... Qxe5 $15 16. Ne2 Qxb2) 16. Ng5 $14 {[%emt 0:00:20] Nxf7 would be deadly.} Bg8 (16... Rd8 $14) 17. Bh5+ $16 Ng6 18. Qg4 {[%emt 0:01:36] White is much more active.} Qb4 {[%emt 0:04:07] [#]} 19. Qxb4 (19. Qf5 $1 $16 Qd6 20. O-O-O) 19... Nxb4 $14 20. O-O-O {[%emt 0:00:22] Inhibits Nc2. And now a3 would win.} e4 21. Rd4 (21. f4 $5 exf3 22. a3 $14 (22. Nxf3 O-O-O $16) (22. Bxf3 Ne5 $16)) 21... Nc6 22. Rd2 $36 {[%emt 0:00:35][%mdl 2048] White fights for an advantage.} O-O-O 23. f4 exf3 24. Bxf3 h6 {[%emt 0:01:11] ...Nge5 is the strong threat.} 25. Nh3 Nxh4 {[%emt 0:01:03] [#]} (25... Nce5 $11 26. Bxd5 Bxd5 27. Rxd5 Nd3+ 28. Kb1 Nxh4) 26. Bxd5 (26. Bg4+ $1 $16 Kb8 27. Nf4) 26... Bxd5 $11 27. Rxd5 Rxd5 {[%emt 0:01:19] Weighted Error Value: White=0.22 (precise) /Black=0.28 (precise)} 1/2-1/2

[Event "1st FIDE Olympiad DIS 2023"]
[Site "Belgrade"]
[Date "2023.02.04"]
[Round "6.12"]
[White "Cajzler, Hinko"]
[Black "Rosikhin, Igor"]
[Result "1-0"]
[ECO "E61"]
[WhiteElo "2060"]
[BlackElo "1856"]
[Annotator "TA"]
[PlyCount "81"]
[EventDate "2023.01.30"]
[EventType "team-tourn"]
[EventCountry "SRB"]
[SourceTitle "playchess.com"]
[Source "ChessBase"]
[SourceQuality "1"]
[WhiteTeam "Croatia"]
[BlackTeam "Belarus"]
[WhiteTeamCountry "CRO"]
[BlackTeamCountry "BLR"]
[TimeControl "40/5400+30:1800+30"]

1. d4 g6 2. c4 Bg7 3. Nf3 c5 4. Nc3 d6 5. e3 Nd7 6. Be2 Ngf6 7. O-O O-O 8. d5 {[%emt 0:03:01] E61: King's Indian: Early deviations for White, including Smyslov System.} Ne8 9. e4 {[%emt 0:00:34] [#]} h6 $146 ({Predecessor:} 9... e5 10. dxe6 fxe6 11. Bg5 Qb6 12. Qd2 a6 13. Rad1 Ne5 14. Nxe5 Bxe5 15. Be3 Bd7 {½-½ Delaney,K (2200)-O'Gorman,T (2145) Dublin Irish Easter IM 2018 (5)}) 10. Qc2 {[%emt 0:00:48] White is better.} Ne5 11. Ne1 g5 12. f4 gxf4 13. Bxf4 Nc7 (13... Ng6 $16) 14. Nf3 $18 Ng6 15. Be3 e5 16. dxe6 ({Better is} 16. Qd2 $18) 16... Nxe6 17. Nd5 Ne5 18. Kh1 Nc6 (18... b6 $142 19. Rad1 Ng4) 19. Qd2 Kh7 20. Bd3 {[%emt 0:00:27] [#] Black must now prevent e5+.} Ne5 21. Nxe5 dxe5 22. Rf2 Nd4 23. Raf1 f6 24. Bxd4 (24. b4 $18) 24... cxd4 $16 25. Qe2 Bd7 26. Qh5 Rc8 27. Qh4 {[%emt 0:00:22][%cal Rd5f6] White has more active pieces.} Rc6 28. b4 (28. Rf3 {with more complications.} Be6 29. Rg3 Rd6 30. Kg1) 28... a6 (28... b6 $142) 29. a4 Rd6 30. c5 Rc6 31. Rc2 Re6 32. b5 axb5 33. axb5 Be8 34. Rfc1 Bg6 $2 {[%emt 0:00:45] [#]} (34... Bd7 35. c6 bxc6) 35. c6 $18 bxc6 36. bxc6 Qa5 37. c7 Rc8 38. Qh3 Bf7 39. Qf5+ Kh8 40. h3 Ree8 41. Nxf6 {[%emt 0:30:29] Weighted Error Value: White=0.16 (very precise) /Black=0.58} 1-0